 Dungeon Crawl Stone Soup version 0.21-a0-442-g848f44b (webtiles) character file.

494 theanonym the Poker (level 7, -8/52 HPs)
             Began as a Formicid Fighter on Nov 15, 2017.
             Killed from afar by an electric eel (11 damage)
             ... with a bolt of electricity
             ... on level 8 of the Dungeon.
             The game lasted 00:06:30 (4299 turns).

theanonym the Poker (Formicid Fighter)              Turns: 4299, Time: 00:06:31

Health: -8/52      AC: 10    Str: 28    XL:     7   Next: 38%
Magic:  7/7        EV:  6    Int:  7    God:
Gold:   194        SH: 10    Dex: 10    Spells: 6/6 levels left

rFire    . . .     SeeInvis +   a - +0 trident
rCold    . . .     Gourm    .   c - +0 shield
rNeg     . . .     Faith    .   d - +0 chain mail
rPois    .         Spirit   .   (helmet unavailable)
rElec    .         Reflect  .   (no cloak)
rCorr    .         Harm     .   G - +0 pair of gloves
MR       .....                  (no boots)
Stlth    ..........             (no amulet)
HPRegen  0.17/turn              m - ring of stealth {Stlth+}
MPRegen  0.10/turn              D - +5 ring of strength

@: no status effects
A: permanent stasis, dig shafts and tunnels, four strong arms, antennae 3
a: Dig, Shaft Self


Innate Abilities, Weirdness & Mutations

You cannot be hasted, slowed, berserked, paralysed or teleported.
You can dig through walls and to a lower floor.
Your four strong arms can wield two-handed weapons with a shield.
You have a pair of large antennae on your head. (SInv)


   Skills:
 + Level 3.6 Fighting
 * Level 7.4 Polearms
 - Level 3.2 Armour
 - Level 3.6 Shields


You had 6 spell levels left.
You didn't know any spells.

Skill      XL: |  1  2  3  4  5  6 |
---------------+-------------------+-----
Polearms       | 3 4 5 7 |  7.4
Fighting       | |  3.6
Armour         | |  3.2
Shields        | |  3.6

Action                   |  1- 3 |  4- 6 |  7- 9 || total
-------------------------+-------+-------+-------++-------
Melee: Trident           |   119 |   279 |    28 ||   426
 Fire: Blowgun           |       |     5 |       ||     5
Throw: Tomahawk          |       |     2 |       ||     2
 Abil: Dig               |       |     2 |       ||     2
       Shaft Self        |       |       |     1 ||     1
  Use: Scroll            |       |     2 |       ||     2
       Potion            |       |     1 |       ||     1
  Eat: Chunk             |       |     8 |     3 ||    11
Armor: Scale mail        |    46 |    85 |     2 ||   133
       Chain mail        |       |       |     3 ||     3
Dodge: Dodged            |    29 |    65 |     3 ||    97
Block: Shield            |    38 |   112 |    10 ||   160

Inventory:

Hand Weapons
 a - a +0 trident (weapon)
 b - a +0 blowgun
   (You took it off a kobold on level 3 of the Dungeon)
Missiles
 h - 26 poisoned needles
 j - 7 tomahawks (quivered)
 F - a throwing net
Armour
 c - a +0 shield (worn)
 d - a +0 chain mail (worn)
   (You found it on level 5 of the Dungeon)
 y - a +0 scale mail
 G - a +0 pair of gloves (worn)
   (You found it on level 4 of the Dungeon)
Magical Staves
 g - an uncursed staff of cold {rC+}
   (You took it off a goblin on level 2 of the Dungeon)
Jewellery
 m - a ring of stealth (left hand) {Stlth+}
   (You found it on level 1 of the Dungeon)
 v - an uncursed ring of stealth {Stlth+}
   (You took it off a goblin on level 2 of the Dungeon)
 D - a +5 ring of strength (right hand)
   (You found it on level 3 of the Dungeon)
Scrolls
 i - 2 scrolls of fear {unknown}
 o - 2 scrolls of blinking {unknown}
 p - a scroll of magic mapping {unknown}
 q - 2 scrolls of recharging {unknown}
 r - 2 scrolls of identify
 s - 3 scrolls of teleportation {unknown}
 t - 2 scrolls of enchant weapon {unknown}
 w - a scroll of noise {unknown}
 x - 3 scrolls of fog {unknown}
 B - a scroll of remove curse {unknown}
 E - a scroll of amnesia {unknown}
 H - a scroll of random uselessness {unknown}
 I - a scroll of enchant armour {unknown}
Potions
 e - a potion of agility {unknown}
 k - a potion of flight {unknown}
 l - 3 potions of curing
 n - 2 potions of mutation {unknown}
 z - 3 potions of lignification
 J - a potion of magic {unknown}
 K - a potion of heal wounds {unknown}
Comestibles
 f - 4 bread rations
 u - 5 fruits
 A - a royal jelly
 C - a meat ration

Dungeon Overview and Level Annotations

Branches:
Dungeon (5/15)
 Temple: D:4-7

Altars:
Fedhas
Okawaru
Wu Jian


You were on level 8 of the Dungeon.
You were very hungry.

You visited 1 branch of the dungeon, and saw 6 of its levels.

You collected 194 gold pieces.


Message History

You see here 19 arrows.
Key pressed, stopping explore.
You see here a smoking mace.
Done exploring.
Done exploring.
No target in view!
Done exploring.
You see here 21 stones.
There is an escape hatch in the floor here.
There is a stone staircase leading down here.
Search for what [Enter for "plate || polearm", or ? for help]?
You climb downwards.
Found a chain mail.
There is a stone staircase leading up here.
Unknown command.
Unknown command.
There is a stone staircase leading up here.
You see here a chain mail.
Found a stone staircase leading down.
You are feeling hungry.
You see here a chain mail.
d - a chain mail Wear which item? (? for menu, Esc to quit)
You start removing your armour.
You continue taking off your +0 scale mail. x4
You finish taking off your +0 scale mail.
You start putting on your armour.
You continue putting on your chain mail. x5
You finish putting on your +0 chain mail.
Wear which item? (? for menu, Esc to quit)
You start putting on your armour.
You continue putting on your pair of gloves. x4
You finish putting on your +0 pair of gloves.
You open the door.
There is an open door here.
You sense a monster nearby.
A bullfrog skeleton comes into view.
Found a war axe and 6 large rocks.
A bullfrog skeleton is nearby!
A bullfrog skeleton is nearby!
A bullfrog skeleton is nearby!
Attack whom?
Aim: a bullfrog skeleton You reach to attack!
You hit the bullfrog skeleton.
You block the bullfrog skeleton's attack.
You hit the bullfrog skeleton.
You block the bullfrog skeleton's attack.
You puncture the bullfrog skeleton!
You block the bullfrog skeleton's attack.
The bullfrog skeleton hits you but does no damage.
Your shield and chain mail prevent you from hitting the bullfrog skeleton.
The bullfrog skeleton hits you but does no damage.
You barely miss the bullfrog skeleton.
The bullfrog skeleton hits you but does no damage.
You hit the bullfrog skeleton.
You block the bullfrog skeleton's attack. x2
You hit the bullfrog skeleton. The bullfrog skeleton hits you.
You take 3 damage, and have 49/52 hp.
You puncture the bullfrog skeleton!
You block the bullfrog skeleton's attack.
You puncture the bullfrog skeleton!
You destroy the bullfrog skeleton!
No target in view!
No target in view!
Found a stone staircase leading up.
You now have 194 gold pieces (gained 7).
t - 2 scrolls labeled VASUPL HOTAOQI (gained 1)
You open the door.
There is an open door here.
Key pressed, stopping explore.
x - 3 scrolls labeled TYOPUSUUDI (gained 1)
You sense a monster nearby.
Health restored: 52 You open the door.
A two-headed ogre comes into view.
It is wielding a giant club and a giant spiked club.
Found a scroll labeled MACAEW EPOSCH and 17 gold pieces.
Okay, then.
Unknown command.
Okay, then.
Unknown command.
You puncture the two-headed ogre!
The two-headed ogre hits you with a giant club!
The two-headed ogre hits you with a giant spiked club!
You take 22 damage, and have 30/52 hp.
MASSIVE DAMAGE!!
Are you sure you want to shaft yourself?
You are feeling very hungry.
You begin to dig a shaft.
You continue digging a shaft.
The two-headed ogre hits you with a giant club!
* * * LOW HITPOINT WARNING * * *
The two-headed ogre hits you with a giant spiked club!!
* * * LOW HITPOINT WARNING * * *
A shaft appears beneath you!
You fall through a shaft for 3 floors!
The shaft crumbles and collapses.
A quokka, an ice beast, 2 gnolls, an electric eel, an ufetubus and a skeleton come into view.
The ufetubus shouts!
The gnoll shouts! x2
Found a graven book.
You take 27 damage, and have 3/52 hp.
MASSIVE DAMAGE!!
The electric eel shoots out a bolt of lightning at you!
The bolt of electricity hits you!
You die...

.........≈≈....
≈.g.g..≈.≈≈≈≈≈..
≈≈≈≈≈...≈≈Z.....
..≈≈≈≈≈≈≈;≈≈≈≈≈≈
.......≈≈≈≈≈≈≈..
..Y.≈.....≈.:..#
.....≈≈5.≈.r..#
#........#
###..@##..#
#.### .# # .. #.
#


You could see an ice beast, an electric eel, 2 gnolls, an ufetubus, a quokka and
a bullfrog skeleton.

Notes
Turn   | Place    | Note
-------+----------+-------------------------------------------
     0 | D:1      | theanonym the Formicid Fighter began the quest for the Orb.
     0 | D:1      | Reached XP level 1. HP: 18/18 MP: 1/1
    46 | D:1      | HP: 9/18 [hobgoblin (4)]
   254 | D:1      | Reached XP level 2. HP: 22/24 MP: 2/2
   445 | D:1      | Reached skill level 3 in Polearms
   499 | D:1      | Reached XP level 3. HP: 29/29 MP: 3/3
   983 | D:2      | Reached skill level 4 in Polearms
   983 | D:2      | Reached XP level 4. HP: 33/35 MP: 4/4
  1397 | D:2      | Found a blossoming altar of Fedhas.
  1752 | D:2      | Noticed Robin
  1757 | D:2      | Killed Robin
  1757 | D:2      | Reached XP level 5. HP: 33/41 MP: 5/5
  1864 | D:2      | Found an ornate altar of the Wu Jian Council.
  2146 | D:3      | Reached skill level 5 in Polearms
  2388 | D:3      | Noticed Natasha
  2401 | D:3      | Killed Natasha
  2452 | D:3      | Found an iron altar of Okawaru.
  2470 | D:3      | Noticed Natasha
  2640 | D:3      | Killed Natasha
  2640 | D:3      | Reached XP level 6. HP: 47/47 MP: 6/6
  2763 | D:3      | Noticed Natasha
  2774 | D:3      | Killed Natasha
  2774 | D:3      | Reached skill level 6 in Polearms
  3346 | D:4      | Noticed Duvessa
  3346 | D:4      | Noticed Dowan
  3371 | D:4      | HP: 23/47 [Duvessa/rapier (10)]
  3376 | D:4      | Killed Duvessa
  3382 | D:4      | Killed Dowan
  3382 | D:4      | Reached skill level 7 in Polearms
  3382 | D:4      | Reached XP level 7. HP: 22/52 MP: 7/7
  4202 | D:5      | Entered Level 5 of the Dungeon
  4294 | D:5      | Noticed a two-headed ogre
  4297 | D:5      | HP: 21/52 [two-headed ogre/giant club (9)]
  4297 | D:5      | HP: 3/52 [two-headed ogre/giant club (18)]
  4298 | D:5      | You fall through a shaft for 3 floors!
  4299 | D:8      | Killed from afar by an electric eel

Vanquished Creatures
  Duvessa (D:4)
  Dowan (D:4)
  2 bullfrog skeletons
  An iguana (D:4)
  Natasha (thrice) (D:3)
  Robin (D:2)
  4 adders
  An ooze (D:4)
  2 worms (D:2)
  2 dart slugs
  4 leopard geckos
  4 orcs (D:3)
  18 bats
  4 giant cockroaches
  11 goblins
  15 hobgoblins
  13 jackals
  5 quokkas
  6 frilled lizards
  4 kobolds
  7 rats
109 creatures vanquished.
